 Dungeon Crawl Stone Soup version 0.30-a0-930-gb9d0489357 (webtiles) character file.

Game seed: 8087054554378563493

84 mopl the Sneak (level 4, -1/33 HPs)
             Began as a Draconian Enchanter on Mar 23, 2023.
             Slain by a hobgoblin (4 damage)
             ... led by Robin
             ... on level 2 of the Dungeon.
             The game lasted 00:02:04 (1463 turns).

mopl the Sneak (Draconian Enchanter)                Turns: 1463, Time: 00:02:05

Health: -1/33      AC:  5    Str:  9    XL:     4   Next: 23%
Magic:  6/8        EV: 12    Int: 21    God:
Gold:   53         SH:  0    Dex: 11    Spells: 3/8 levels left

rFire   . . .      SeeInvis .    a - +1 dagger
rCold   . . .      Faith    .    (no shield)
rNeg    . . .      Spirit   .    (body armour unavailable)
rPois   .          Reflect  .    (helmet restricted)
rElec   .          Rampage  .    (no cloak)
rCorr   .                        (no gloves)
Will    .....                    (no boots)
Stlth   ++                       (no amulet)
HPRegen 0.25/turn                (no ring)
MPRegen 0.11/turn                (no ring)

@: no status effects
A: AC +5, unfitting armour, cold-blooded, clever 1
a: no special abilities


You were on level 2 of the Dungeon.
You visited 1 branch of the dungeon, and saw 2 of its levels.

You collected 53 gold pieces.

Inventory:

Hand Weapons
 a - a +1 dagger (weapon)
Missiles
 l - 4 poisoned darts
Jewellery
 e - a ring of protection from fire
Scrolls
 c - 2 scrolls of identify {unknown}
 d - a scroll of fear {unknown}
 j - a scroll of teleportation {unknown}
Potions
 b - 2 potions of invisibility
 f - a potion of mutation {!q}
 g - a potion of resistance {unknown}
 h - a potion of brilliance {unknown}
 i - a potion of lignification {unknown}
 k - a potion of curing


   Skills:
 + Level 2.1 Short Blades
 - Level 1.7 Dodging
 + Level 3.4 Stealth
 + Level 2.7 Spellcasting
 + Level 3.2 Hexes


You had 3 spell levels left.
You knew the following spells:

 Your Spells              Type           Power      Damage    Failure   Level
b - Ensorcelled Hibernat  Hex/Ice        18%        N/A       11%         2
c - Confusing Touch       Hex            16%        N/A       11%         3

Your spell library contained the following spells:

 Spells                   Type           Power      Damage    Failure   Level
 Tukima's Dance           Hex            16%        N/A       11%         3
 Blink                    Tloc           4%         N/A       21%         2
 Lesser Beckoning         Tloc           4%         N/A       21%         2
 Momentum Strike          Conj/Tloc      4%         3d8       21%         2
 Dazzling Flash           Conj/Hex       18%        N/A       22%         3
 Ignite Poison            Fire/Tmut/Pois 2%         N/A       38%         3
 Kindle Blastsparks       Fire/Tloc/Air  4%         2d10      38%         3
 Freezing Cloud           Conj/Ice/Air   1%         6-21      98%         5


Dungeon Overview and Level Annotations

Branches:
Dungeon (2/15)

Altars:
Elyvilon


Innate Abilities, Weirdness & Mutations

Your plain brown scales are hard. (AC +5)
You cannot fit into any form of body armour.
You are cold-blooded and may be slowed by cold attacks.
Your mind is acute. (Int +4, Str/Dex -1)


Message History

The hobgoblin hits you but does no damage.
You hit the hobgoblin.
You kill the hobgoblin!
You hit the hobgoblin but do no damage. You hit the hobgoblin.
You tail-slap the hobgoblin, but do no damage.
The hobgoblin is lightly wounded.
The hobgoblin hits you but does no damage.
You barely miss the hobgoblin.
The hobgoblin is lightly wounded.
The hobgoblin misses you.
You hit the hobgoblin but do no damage.
The hobgoblin is lightly wounded.
The hobgoblin closely misses you.
You hit the hobgoblin but do no damage.
The hobgoblin is lightly wounded.
The hobgoblin hits you but does no damage.
You closely miss the hobgoblin.
The hobgoblin is lightly wounded.
The hobgoblin hits you.
* * * LOW HITPOINT WARNING * * *
You closely miss the hobgoblin.
The hobgoblin is lightly wounded.
The hobgoblin misses you.
You hit the hobgoblin but do no damage.
Your tail-slap misses the hobgoblin.
The hobgoblin is lightly wounded.
The hobgoblin hits you.
* * * LOW HITPOINT WARNING * * *
You hit the hobgoblin.
The hobgoblin is heavily wounded.
You hit the hobgoblin but do no damage.
The hobgoblin is heavily wounded.
The hobgoblin barely misses you.
You hit the hobgoblin.
The hobgoblin is severely wounded.
The hobgoblin hits you but does no damage.
You hit the hobgoblin but do no damage.
The hobgoblin is severely wounded.
The hobgoblin hits you.
You die...

#.# ########...#
#.##.# ##### #.##.#
#.##.# #.##.####
#........ #.##.####
#.##.####.#########
#.@gg.)............
########..#######S.
.# #.# #)# #g# S.#
.### gg .g


You could see 2 hobgoblins.

Vanquished Creatures
  Robin (D:2)
  3 adders (D:2)
  A dart slug (D:1)
  A ball python (D:2)
  2 bats
  An endoplasm (D:1)
  3 giant cockroaches (D:2)
  8 goblins
  10 hobgoblins
  3 kobolds
  A quokka (D:1)
  A frilled lizard (D:2)
  4 rats
39 creatures vanquished.

Vanquished Creatures (others)
  3 plants (D:2)
3 creatures vanquished.

Grand Total: 42 creatures vanquished

Notes
Turn   | Place    | Note
-------+----------+-------------------------------------------
     0 | D:1      | mopl the Draconian Enchanter began the quest for the Orb.
     0 | D:1      | Reached XP level 1. HP: 14/14 MP: 3/3
   246 | D:1      | Reached XP level 2. HP: 20/20 MP: 5/5
   271 | D:1      | Learned a level 2 spell: Ensorcelled Hibernation
   660 | D:1      | Found a faded altar of an unknown god.
   673 | D:1      | Reached skill level 3 in Stealth
   729 | D:2      | Reached skill level 3 in Hexes
   752 | D:2      | Found a white marble altar of Elyvilon.
   809 | D:2      | Reached XP level 3. HP: 24/26 MP: 6/6
   813 | D:2      | Learned a level 3 spell: Confusing Touch
   860 | D:2      | Noticed Robin
  1102 | D:2      | Reached skill level 2 in Short Blades
  1382 | D:2      | Reached XP level 4. HP: 33/33 MP: 7/7
  1414 | D:2      | Gained mutation: Your magical capacity is low. (-10% MP)
                  | [potion of mutation]
  1414 | D:2      | Gained mutation: Your mind is acute. (Int +4, Str/Dex -1)
                  | [potion of mutation]
  1414 | D:2      | Gained mutation: You have sharp fingernails. [potion of
                  | mutation]
  1416 | D:2      | Killed Robin
  1430 | D:2      | Lost mutation: You have sharp fingernails. [potion of
                  | mutation]
  1430 | D:2      | Lost mutation: Your mind is acute. (Int +4, Str/Dex -1)
                  | [potion of mutation]
  1430 | D:2      | Gained mutation: You expend magic power (3 MP) to
                  | strengthen your wands. [potion of mutation]
  1431 | D:2      | Lost mutation: Your magical capacity is low. (-10% MP)
                  | [potion of mutation]
  1431 | D:2      | Lost mutation: You expend magic power (3 MP) to strengthen
                  | your wands. [potion of mutation]
  1431 | D:2      | Gained mutation: You have a somewhat thin skeletal
                  | structure. (Dex +2, Stealth+) [potion of mutation]
  1431 | D:2      | Gained mutation: You occasionally lose the ability to read
                  | scrolls when taking damage. [potion of mutation]
  1432 | D:2      | Lost mutation: You have a somewhat thin skeletal structure.
                  | (Dex +2, Stealth+) [potion of mutation]
  1432 | D:2      | Lost mutation: You occasionally lose the ability to read
                  | scrolls when taking damage. [potion of mutation]
  1432 | D:2      | Gained mutation: Your mind is acute. (Int +4, Str/Dex -1)
                  | [potion of mutation]
  1463 | D:2      | Slain by a hobgoblin

Illustrated notes

Levels and vault maps discovered:
D:1:      lightli_arrival_windingriver, layout_loops_ring,
          hellmonk_ecumenical_altar_zigzags
D:2:      layout_loops_ring, basic_altar, serial_bayou_pond_d,
          kennysheep_generic_room_4, uniq_robin

Skill      XL: |  1  2  3 |
---------------+----------+-----
Stealth        | 3 |  3.4
Hexes          | 3 |  3.2
Short Blades   | 2 |  2.1
Dodging        | |  1.7
Spellcasting   | |  2.7

Action                     |  1- 3 |  4- 6 || total
---------------------------+-------+-------++-------
  Melee: Dagger            |   127 |    51 ||   178
         Tailslap          |    14 |     6 ||    20
         Punch             |     2 |       ||     2
   Cast: Ensorcelled Hiber |     7 |     2 ||     9
    Use: Potion            |       |     4 ||     4
   Stab: Sleeping          |     7 |     2 ||     9
 Armour: Skin              |    28 |    21 ||    49
  Dodge: Dodged            |    64 |    34 ||    98

Table legend: (Time is in decaauts)
 A = Elapsed time spent in this place.
 B = Non-inter-level travel time spent in this place.
 C = Inter-level travel time spent in this place.
 D = Time resting spent in this place.
 E = Time spent auto-exploring this place.
 F = Levels seen in this place.
 G = Mean time per level.
                   A        B        C        D        E       F      G
               +--------+--------+--------+--------+--------+-----+--------+
         Total |   1454 |   1443 |     11 |     92 |    990 |   2 |  727.0 |
       Dungeon |   1454 |   1443 |     11 |     92 |    990 |   2 |  727.0 |
               +--------+--------+--------+--------+--------+-----+--------+

Top non-repeatable levels by time:
     D:1: 739 daAuts
     D:2: 715 daAuts
